 Dungeon Crawl Stone Soup version 0.30.0-17-ge0270778cf (webtiles) character file.

Game seed: 6717438166500907218

823 Descartes the Shield-Bearer (level 8, -5/62 HPs)
             Began as a Formicid Fighter on May 22, 2023.
             Drowned by a water nymph (glowing shapeshifter) (10 damage)
             ... on level 4 of the Dungeon.
             The game lasted 00:07:26 (3397 turns).

Descartes the Shield-Bearer (Formicid Fighter)      Turns: 3397, Time: 00:07:27

Health: -5/62      AC: 13    Str: 22    XL:     8   Next: 17%
Magic:  8/8        EV:  6    Int: 12    God:
Gold:   280        SH: 12    Dex: 12    Spells: 7/7 levels left

rFire   . . .        a - +0 war axe (chaos)
rCold   . . .        h - +2 kite shield
rNeg    . . .        s - +0 plate armour
rPois   .            (helmet unavailable)
rElec   .            (no cloak)
rCorr   +            (no gloves)
SInv    +            x - +0 pair of boots
Will    .....        (no amulet) Stlth
                     v - ring of resist corrosion
HPRegen 0.30/turn    t - ring of flight
MPRegen 0.11/turn

%: no passive effects
@: brilliant, flying
A: permanent stasis, dig shafts and tunnels, antennae 3, four strong arms,
clever 1, sturdy frame 1
a: Dig, Shaft Self


You were on level 4 of the Dungeon.
You visited 1 branch of the dungeon, and saw 5 of its levels.
You also visited: Sewer.

You collected 280 gold pieces.

Inventory:

Hand Weapons
 a - a +0 war axe of chaos (weapon)
Missiles
 b - a boomerang
 e - 41 stones
 j - 4 javelins
 m - 19 poisoned darts
Armour
 h - a +2 kite shield (worn)
 s - a +0 plate armour (worn)
 x - a +0 pair of boots (worn)
Magical Staves
 y - a staff of earth
Jewellery
 t - a ring of flight (right hand)
 v - a ring of resist corrosion (left hand)
Scrolls
 c - a scroll of poison
 l - a scroll of enchant weapon {unknown}
 r - a scroll of enchant armour {unknown}
 u - a scroll of amnesia {unknown}
Potions
 d - a potion of might
 f - a potion of lignification {unknown}
 g - a potion of berserk rage {unknown}
 i - 2 potions of ambrosia {unknown}
 k - a potion of heal wounds {unknown}
 n - 2 potions of degeneration {unknown}
 o - 2 potions of flight {unknown}
 p - 2 potions of curing {unknown}
 q - 3 potions of brilliance
 w - a potion of haste {unknown}


   Skills:
 - Level 5.0 Fighting
 + Level 4.9 Axes
 + Level 5.9 Armour
 + Level 7.2 Shields


You had 7 spell levels left.
You didn't know any spells.
Your spell library contained the following spells:

 Spells                   Type           Power      Damage    Failure   Level
 Inner Flame              Hex/Fire       0%         N/A       100%        3
 Yara's Violent Unravell  Hex/Tmut       0%         3d3       100%        5
 Enfeeble                 Hex            0%         N/A       100%        7


Dungeon Overview and Level Annotations

Branches:
Dungeon (5/15)              Sewer (visited)
 Temple: D:4-7

Altars:
Zin


Innate Abilities, Weirdness & Mutations

You cannot be hasted, slowed, berserked, paralysed or teleported.
You can dig through walls and to a lower floor.
You have a pair of large antennae on your head. (SInv)
Your four strong arms can wield two-handed weapons with a shield.
Your mind is acute. (Int +4, Str/Dex -1)
Your movements are slightly less encumbered by armour. (ER -2)


Message History

The puff of frost hits you! The white imp gestures at you.
The puff of frost hits you.
The snapping turtle completely misses you.
The white imp gestures at you. The puff of frost hits you!
You hit the snapping turtle.
The snapping turtle is poisoned.
The snapping turtle is lightly wounded.
You barely miss the white imp.
The snapping turtle changes into a water nymph!
The white imp barely misses you.
You hit the water nymph.
The water nymph is lightly wounded.
You closely miss the white imp. The white imp gestures at you.
You block the puff of frost. The white imp gestures at you.
You block the puff of frost. You block the water nymph's attack.
The white imp gestures at you. The puff of frost hits you!
* * * LOW HITPOINT WARNING * * *
The white imp attacks as you move away! You block the white imp's attack.
There is a stone staircase leading up here.
The white imp gestures at you.
The puff of frost hits you but does no damage.
The water nymph touches you.
* * * LOW HITPOINT WARNING * * *
The water nymph drowns you!
* * * LOW HITPOINT WARNING * * *
The water nymph's watery aura covers the stone staircase leading up.
The white imp gestures at you. The puff of frost hits you.
* * * LOW HITPOINT WARNING * * *
You fly upwards.
There is a stone staircase leading down here.
It was a potion of brilliance.
You feel clever all of a sudden. You block the white imp's attack.
The water nymph touches you. The water nymph drowns you!
You die...

#### #####
...#########...#
...............#
.#.####.####...# ###
##.###...###...#####.##
#.##.....##.#.m@5....#
##.###...###..>#####.##
...# ##.## ##### ###.#####
#### ##.# #.......#
###..## #.#.###.#
##.....## #.#.# #.#
##.^.....## #.#.# #.#
#^........### ##.#.# #.#
##..>....^...####).#.###.#


You could see a water nymph shaped shifter and a white imp (fast, strong).

Vanquished Creatures
  Pargi (Sewer)
  2 phantoms (D:4)
  Blork the orc (D:4)
  A kobold brigand (Sewer)
  A howler monkey (D:4)
  A hound (D:4)
  3 orc priests
  An iguana (D:3)
  An orc wizard (D:2)
  Robin (D:3)
  8 adders
  3 river rats (D:4)
  A white imp (D:5)
  5 worms (D:4)
  2 dart slugs
  14 orcs
  4 ball pythons
  4 bats
  8 endoplasms
  5 giant cockroaches
  10 goblins
  8 hobgoblins
  3 jackals (D:3)
  8 kobolds
  A quokka (D:4)
  A frilled lizard (D:1)
  5 rats
103 creatures vanquished.

Notes
Turn   | Place    | Note
-------+----------+-------------------------------------------
     0 | D:1      | Descartes the Formicid Fighter began the quest for the Orb.
     0 | D:1      | Reached XP level 1. HP: 18/18 MP: 1/1
   101 | D:1      | Reached XP level 2. HP: 20/24 MP: 2/2
   343 | D:1      | Reached XP level 3. HP: 29/29 MP: 3/3
   611 | D:2      | Reached XP level 4. HP: 19/37 MP: 4/4
   846 | D:2      | Reached XP level 5. HP: 38/42 MP: 5/5
   902 | D:2      | Reached skill level 5 in Shields
  1196 | D:2      | You fall into a shaft and drop 1 floor!
  1452 | D:3      | Noticed Robin
  1474 | D:3      | Killed Robin
  1696 | D:3      | Reached XP level 6. HP: 49/49 MP: 6/6
  2032 | D:2      | Found a glowing silver altar of Zin.
  2207 | D:4      | Gained mutation: Your mind is acute. (Int +4, Str/Dex -1)
                  | [potion of mutation]
  2207 | D:4      | Gained mutation: Your movements are slightly less
                  | encumbered by armour. (ER -2) [potion of mutation]
  2279 | D:4      | Reached skill level 5 in Fighting
  2279 | D:4      | Reached XP level 7. HP: 29/56 MP: 7/7
  2409 | D:4      | Reached skill level 6 in Shields
  2417 | D:4      | Reached skill level 5 in Armour
  2500 | D:4      | Found a glowing drain.
  2524 | Sewer    | Entered a sewer
  2555 | Sewer    | Noticed Pargi
  2578 | Sewer    | Killed Pargi
  2633 | Sewer    | Reached XP level 8. HP: 49/62 MP: 8/8
  2850 | D:4      | Reached skill level 7 in Shields
  2906 | D:4      | Noticed Blork the orc
  2916 | D:4      | Killed Blork the orc
  3384 | D:5      | Entered Level 5 of the Dungeon
  3390 | D:5      | an iguana changed into a glowing shapeshifter
  3390 | D:5      | Noticed a glowing shapeshifter (glowing shapeshifter)
  3390 | D:5      | a glowing shapeshifter changed into a snapping turtle
  3390 | D:5      | Noticed a snapping turtle (glowing shapeshifter)
  3392 | D:5      | a snapping turtle changed into a water nymph
  3392 | D:5      | Noticed a water nymph (glowing shapeshifter)
  3397 | D:4      | Drowned by a water nymph (glowing shapeshifter)

Illustrated notes

Levels and vault maps discovered:
D:1:      mainiacjoe_arrival_reflecting_pool, layout_basic,
          grunt_decor_one_mirror
D:2:      cheibrodos_pilgrimage, layout_rooms, basic_altar, serial_rivers,
          chequers_serial_rivers_marsh, chequers_serial_rivers_room_a,
          chequers_serial_rivers_large_b, chequers_serial_rivers_large_a,
          chequers_serial_rivers_micro_e, chequers_serial_rivers_marsh
D:3:      layout_basic, minmay_misc_feat_alley, uniq_robin
D:4:      layout_loops_corners, portal_sewer_entry_a, nicolae_wormholes,
          uniq_blork_the_orc
D:5:      layout_rooms

Skill      XL: |  1  2  3  4  5  6  7  8 |
---------------+-------------------------+-----
Fighting       | 4 5 |  5.0
Armour         | 4 5 |  5.9
Shields        | 5 6 7 |  7.2
Axes           | 3 4 |  4.9

Action                     |  1- 3 |  4- 6 |  7- 9 || total
---------------------------+-------+-------+-------++-------
  Melee: War axe           |    51 |   166 |   116 ||   333
Ability: Dig               |       |     2 |     2 ||     4
    Use: Scroll            |       |     5 |     1 ||     6
         Potion            |       |     1 |     1 ||     2
   Stab: Petrifying        |       |       |     1 ||     1
 Armour: Scale mail        |    14 |     7 |       ||    21
         Chain mail        |       |    19 |       ||    19
         Plate armour      |       |    59 |    78 ||   137
  Dodge: Dodged            |    17 |    36 |    40 ||    93
  Block: Buckler           |     6 |       |       ||     6
         Kite shield       |    26 |   100 |    89 ||   215
